 Dungeon Crawl Stone Soup version 0.29.1-15-g9cfb28693d (webtiles) character file.

Game seed: 13636388067050907159

13 Artool the Trooper (level 2, -1/24 HPs)
             Began as a Demonspawn Fighter on Apr 6, 2023.
             Slain by a gnoll
             ... wielding a +0 flail
              (6 damage)
             ... on level 1 of the Dungeon.
             The game lasted 00:00:31 (482 turns).

Artool the Trooper (Demonspawn Fighter)              Turns: 482, Time: 00:00:31

Health: -1/24      AC:  6    Str: 16    XL:     2   Next: 24%
Magic:  2/2        EV:  8    Int:  9    God:
Gold:   20         SH:  4    Dex: 12    Spells: 1/1 levels left

rFire   . . .      SeeInvis .   a - +0 flail
rCold   . . .      Faith    .   c - +0 buckler
rNeg    . . .      Spirit   .   b - +0 scale mail
rPois   .          Reflect  .   (no helmet)
rElec   .          Harm     .   (no cloak)
rCorr   .          Rampage  .   (no gloves)
Will    .....                   (no boots)
Stlth   ..........              (no amulet)
HPRegen 0.08/turn               (no ring)
MPRegen 0.08/turn               (no ring)

@: mighty
A: weakness stinger 1
a: no special abilities


You were on level 1 of the Dungeon.
You visited 1 branch of the dungeon, and saw 1 of its levels.

You collected 20 gold pieces.

Inventory:

Hand Weapons
 a - a +0 flail (weapon)
Armour
 b - a +0 scale mail (worn)
 c - a +0 buckler (worn)
Scrolls
 g - a scroll of identify {unknown}
 i - a scroll of enchant armour {unknown}
Potions
 e - a potion of flight {unknown}
 f - a potion of mutation {unknown}
 h - a potion of degeneration {unknown}


   Skills:
 + Level 3.2 Fighting
 + Level 2.1 Maces & Flails
 + Level 2.9 Armour
 - Level 2.6 Shields


You had one spell level left.
You didn't know any spells.
Your spell library was empty.

Dungeon Overview and Level Annotations

Branches:
Dungeon (1/15)

Altars:


Innate Abilities, Weirdness & Mutations

You have a small tail.


Message History

You hit the endoplasm.
The endoplasm is almost dead.
You block the endoplasm's attack.
An endoplasm is nearby!
You sock the endoplasm!
You kill the endoplasm!
i - a scroll labelled ODAMUENILE No target in view!
Found a hand axe.
No target in view!
No target in view!
A quokka and a gnoll come into view.
The gnoll shouts!
You hear an angry hiss.
A quokka comes into view.
A goblin comes into view. It is wielding a +0 club.
You see here a +0 hand axe.
There are monsters nearby!
There are monsters nearby!
You closely miss the gnoll. The gnoll hits you with a +0 flail!
You hit the gnoll.
The gnoll is moderately wounded.
The gnoll hits you with a +0 flail!
There are monsters nearby!
You are too injured to fight recklessly!
You are too injured to fight recklessly!
You are too injured to fight recklessly!
A rat comes into view.
You see here a +0 hand axe.
The gnoll attacks as you move away! The gnoll hits you but does no damage.
You feel very mighty all of a sudden. The gnoll closely misses you.
You sock the gnoll!
The gnoll is almost dead.
The gnoll hits you with a +0 flail.
* * * LOW HITPOINT WARNING * * *
You block the gnoll's attack.
You barely miss the gnoll.
The gnoll is almost dead.
The gnoll hits you with a +0 flail.
You die...

##### # #...# ### # #...# #.. #
#...# #.# ## # # #...#########
#.# .#.#
###...).......########.##.#.####
'...............@grrgr..........
###...........#######..)........
# ####........# #.##.##.... ##
#........# #.......##. ...
#........# #...g...# .#.#
#........# #.......#
.#....######### #.##.##...
.####. #....# .### .####.#
####.. #


You could see a gnoll, 2 quokkas, a goblin and a rat.

Vanquished Creatures
  A bat (D:1)
  An endoplasm (D:1)
  5 goblins (D:1)
  2 hobgoblins (D:1)
  A ball python (D:1)
  A frilled lizard (D:1)
11 creatures vanquished.

Notes
Turn   | Place    | Note
-------+----------+-------------------------------------------
     0 | D:1      | Artool the Demonspawn Fighter began the quest for the Orb.
     0 | D:1      | Reached XP level 1. HP: 18/18 MP: 1/1
   268 | D:1      | Gained mutation: You have a small tail. [demonic ancestry]
   268 | D:1      | Reached XP level 2. HP: 24/24 MP: 2/2
   482 | D:1      | Slain by a gnoll

Illustrated notes

Levels and vault maps discovered:
D:1:      lightli_arrival_windingriver, layout_basic

Skill      XL: |  1 |
---------------+----+-----
Maces & Flails | 2 |  2.1
Fighting       | |  3.2
Armour         | |  2.9
Shields        | |  2.6

Action                   || total
-------------------------++-------
Melee: Flail             ||    38
  Use: Potion            ||     1
Armor: Scale mail        ||    24
Dodge: Dodged            ||    18
Block: Buckler           ||    10
